AoeStats
← Jihad Herbie

Arabia

510518962Analyzed
2v2 RM · 3d ago on Oct 1, 2026· 25m 2s· 4 players
Game mode
Random Map
Map size
Medium (4 player)
Population
200
Speed
Normal
Resources
Standard
Victory
Conquest
Starting age
Dark Age
Ending age
Imperial Age
RankedLock teamsTeams togetherTeam positionsShared explorationLock speedFull tech treeHidden civsTurbo modeCheats
Victory
Defeat
🇦🇺 Koreans · Australia
627
+24
🇦🇺 Goths · Australia
627
+24
🇦🇺 Teutons · Australia
555
-13
🇨🇳 Britons · China
554
-13
kenneth_oath_klenty
12:35 Feudal Age
13:53 Wheelbarrow
13:11 Double-Bit Axe
13:19 Man-at-Arms
15:41 Wheelbarrow
20:14 Scale Mail Armor
25:12 Castle Age
Nullius
8:41 Loom
10:56 Feudal Age
11:27 Double-Bit Axe
11:23 Horse Collar
21:25 Castle Age
19:40 Fletching
21:37 Padded Archer Armor
21:32 Crossbowman
22:17 Bodkin Arrow
Polar_Op
11:13 Feudal Age
11:37 Horse Collar
16:27 Fletching
16:46 Double-Bit Axe
26:36 Castle Age
Jihad Herbie
11:20 Feudal Age
11:23 Man-at-Arms
13:03 Gold Mining
Connection lost

Rejoining the realm…

Still unreachable

The connection could not be restored.

Session expired

The server has moved on; the page needs a fresh start.